 Dungeon Crawl Stone Soup version 0.27-a0-1101-ge311f74bc8 (webtiles) character file.

Game seed: 8538017149615642122

210 voltaire321 the Chopper (level 5, -10/41 HPs)
             Began as a Gnoll Wanderer on Apr 28, 2021.
             Mangled by an ogre
             ... wielding a +0 giant club
              (12 damage)
             ... on level 4 of the Dungeon.
             The game lasted 00:08:03 (4415 turns).

voltaire321 the Chopper (Gnoll Wanderer)            Turns: 4415, Time: 00:08:04

Health: -10/41     AC:  4    Str: 13    XL:     5   Next: 87%
Magic:  7/7        EV: 12    Int: 10    God:
Gold:   73         SH:  0    Dex: 12    Spells: 6/7 levels left

rFire    . . .     SeeInvis .   a - +2 dagger
rCold    . . .     Faith    .   (no shield)
rNeg     . . .     Spirit   .   e - +0 robe
rPois    .         Reflect  .   m - +0 helmet
rElec    .         Harm     .   (no cloak)
rCorr    .         Rampage  .   h - +0 pair of gloves
Will     .....                  (no boots)
Stlth    ++........             (no amulet)
HPRegen  0.13/turn              (no ring)
MPRegen  0.10/turn              (no ring)

@: no status effects
A: fangs 1, strong nose, distributed training
a: no special abilities


You were on level 4 of the Dungeon.
You visited 1 branch of the dungeon, and saw 5 of its levels.

You collected 73 gold pieces.

Inventory:

Hand Weapons
 a - a +2 dagger (weapon)
 o - a +0 rapier
Missiles
 g - 38 stones
 l - 19 poisoned darts (quivered)
Armour
 e - a +0 robe (worn)
 h - a +0 pair of gloves (worn)
 m - a +0 helmet (worn)
Magical Staves
 f - a staff of poison
Scrolls
 b - 2 scrolls of fear
 c - a scroll of amnesia {unknown}
 d - a scroll of immolation {unknown}
 j - a scroll of enchant weapon {unknown}
 k - a scroll of teleportation
 n - a scroll of magic mapping {unknown}
 p - a scroll of fog {unknown}
Potions
 i - 3 potions of curing


   Skills:
 + Level 3.1 Fighting
 + Level 1.6 Short Blades
 + Level 1.6 Long Blades
 + Level 6.7 Axes
 + Level 1.6 Maces & Flails
 + Level 1.6 Polearms
 + Level 1.6 Staves
 + Level 1.6 Slings
 + Level 1.6 Bows
 + Level 1.6 Crossbows
 + Level 1.6 Throwing
 + Level 3.1 Armour
 + Level 1.6 Dodging
 + Level 2.9 Stealth
 + Level 1.6 Shields
 + Level 1.6 Unarmed Combat
 + Level 1.6 Spellcasting
 + Level 2.5 Conjurations
 + Level 1.3 Hexes
 + Level 1.3 Summonings
 + Level 1.3 Necromancy
 + Level 1.3 Translocations
 + Level 1.3 Transmutations
 + Level 1.3 Fire Magic
 + Level 1.3 Ice Magic
 + Level 4.0 Air Magic
 + Level 1.3 Earth Magic
 + Level 1.3 Poison Magic
 + Level 1.9 Invocations
 + Level 3.1 Evocations


You had 6 spell levels left.
You knew the following spells:

 Your Spells              Type           Power      Damage    Failure   Level
a - Sandblast             Erth           6%         2d5       19%         1

Your spell library contained the following spells:

 Spells                   Type           Power      Damage    Failure   Level
 Stone Arrow              Conj/Erth      8%         3d7       41%         3


Dungeon Overview and Level Annotations

Branches:
Dungeon (5/15)
 Temple: D:4-7

Altars:
Dithmenos
Okawaru
Xom
Zin

Annotations:
D:3 Grinder


Innate Abilities, Weirdness & Mutations

You have very sharp teeth.
Your uncanny sense of smell can sniff out nearby items.
Your experience applies equally to all skills.


Message History

The hound is almost dead.
The hound bites you but does no damage. The hound barely misses you.
You hit the hound.
You kill the hound!
You hit the ogre.
The ogre is lightly wounded.
The ogre hits you with a +0 giant club!!
Ouch! That really hurt!
You barely miss the ogre.
The ogre is lightly wounded.
The ogre misses you.
You hit the ogre.
The ogre is moderately wounded.
You closely miss the ogre.
The ogre is moderately wounded.
The ogre closely misses you.
You hit the ogre but do no damage.
The ogre is moderately wounded.
The ogre barely misses you.
You hit the ogre. You bite the ogre.
The ogre is moderately wounded.
The ogre closely misses you.
You barely miss the ogre.
The ogre is moderately wounded.
You barely miss the ogre.
The ogre is moderately wounded.
The ogre misses you.
You hit the ogre.
The ogre is heavily wounded.
The ogre hits you with a +0 giant club.
You hit the ogre.
The ogre is heavily wounded.
You barely miss the ogre.
The ogre is heavily wounded.
The ogre hits you with a +0 giant club!
* * * LOW HITPOINT WARNING * * *
You completely miss the ogre.
The ogre is heavily wounded.
The ogre hits you with a +0 giant club!
You die...

##..#.# ......
###..#.# #....#.#
########.##.#.#####
#.................#
#.###........#..#
#.# #.#...##....#
#.# #.......###@#
#.# #.......# #O#
#.# #.......#
#g...# #)#
###...#.# #.....#
#># #...#.#
#........ #.#
##.##.# #.....##.
#.# #.##.# #.....#
#.# #. #.. .......
#.# #. #.......


You could see an ogre and a goblin.

Vanquished Creatures
  3 hounds
  A hound skeleton (D:3)
  3 adders
  An adder zombie (D:5)
  A worm (D:2)
  A dart slug (D:3)
  4 orcs (D:3)
  8 endoplasms
  2 giant cockroaches
  5 goblins
  9 hobgoblins
  7 jackals
  3 quokkas (D:2)
  4 ball pythons
  4 bats
  2 frilled lizards
  9 kobolds
  2 rats (D:1)
69 creatures vanquished.

Vanquished Creatures (others)
  A gnoll (D:5)
1 creature vanquished.

Grand Total: 70 creatures vanquished

Notes
Turn   | Place    | Note
-------+----------+-------------------------------------------
     0 | D:1      | voltaire321 the Gnoll Wanderer began the quest for the Orb.
     0 | D:1      | voltaire321 set off with the following items: a +2 dagger,
                  | a scroll of fear, a potion of curing, a +0 robe; and the
                  | following spell memorised: Sandblast; and the following
                  | spells available to memorise: Stone Arrow
     0 | D:1      | Reached XP level 1. HP: 17/17 MP: 1/1
   175 | D:1      | Reached XP level 2. HP: 6/23 MP: 2/2
   668 | D:1      | HP: 1/23 [rat (1)]
   929 | D:1      | Reached XP level 3. HP: 11/28 MP: 3/3
   931 | D:1      | HP: 1/28 [endoplasm (3)]
  1738 | D:2      | Found a faded altar of an unknown god.
  1968 | D:2      | Reached skill level 1 in Invocations
  2412 | D:2      | Reached skill level 1 in Short Blades
  2412 | D:2      | Reached skill level 1 in Long Blades
  2412 | D:2      | Reached skill level 1 in Maces & Flails
  2412 | D:2      | Reached skill level 1 in Polearms
  2412 | D:2      | Reached skill level 1 in Staves
  2412 | D:2      | Reached skill level 1 in Slings
  2412 | D:2      | Reached skill level 1 in Bows
  2412 | D:2      | Reached skill level 1 in Crossbows
  2412 | D:2      | Reached skill level 1 in Throwing
  2412 | D:2      | Reached skill level 1 in Dodging
  2412 | D:2      | Reached skill level 1 in Shields
  2412 | D:2      | Reached skill level 1 in Unarmed Combat
  2412 | D:2      | Reached skill level 1 in Spellcasting
  2968 | D:2      | Reached XP level 4. HP: 34/34 MP: 5/5
  3316 | D:3      | Reached skill level 1 in Hexes
  3316 | D:3      | Reached skill level 1 in Summonings
  3316 | D:3      | Reached skill level 1 in Necromancy
  3316 | D:3      | Reached skill level 1 in Translocations
  3316 | D:3      | Reached skill level 1 in Transmutations
  3316 | D:3      | Reached skill level 1 in Fire Magic
  3316 | D:3      | Reached skill level 1 in Ice Magic
  3316 | D:3      | Reached skill level 1 in Earth Magic
  3316 | D:3      | Reached skill level 1 in Poison Magic
  3439 | D:3      | Noticed Grinder
  3790 | D:3      | Found an iron altar of Okawaru.
  3791 | D:3      | Found a shadowy altar of Dithmenos.
  3855 | D:3      | Reached XP level 5. HP: 39/40 MP: 6/6
  4082 | D:3      | You fall into a shaft and drop 2 floors!
  4082 | D:5      | Entered Level 5 of the Dungeon
  4184 | D:5      | Found a glowing silver altar of Zin.
  4184 | D:5      | Noticed an angel
  4186 | D:5      | Found a shimmering altar of Xom.
  4393 | D:4      | Noticed an ogre
  4414 | D:4      | HP: 1/41 [ogre/+0 giant club (12)]
  4415 | D:4      | Mangled by an ogre

Illustrated notes

Levels and vault maps discovered:
D:1:      lordsloth_arrival_two_stooges, layout_loops_ring, st_stairs_4
D:2:      layout_basic, hellmonk_ecumenical_altar_crossroads, st_stairs_3
D:3:      layout_basic, gammafunk_temple_overflow_pools, dk_noncrumbling_2,
          uniq_grinder
D:4:      layout_loops_ring, palyth_stone_intersect
D:5:      layout_cave_pools, grunt_temple_overflow_order_and_chaos_1,
          cheibrodos_ashenzari_chains, lemuel_doored_altar, lemuel_old_faithful,
          uniq_pikel

Skill      XL: |  1  2  3  4  5 |
---------------+----------------+-----
Conjurations   | 2 |  2.5
Invocations    | 1 |  1.9
Short Blades   | 1 |  1.6
Long Blades    | 1 |  1.6
Maces & Flails | 1 |  1.6
Polearms       | 1 |  1.6
Staves         | 1 |  1.6
Slings         | 1 |  1.6
Bows           | 1 |  1.6
Crossbows      | 1 |  1.6
Throwing       | 1 |  1.6
Dodging        | 1 |  1.6
Shields        | 1 |  1.6
Unarmed Combat | 1 |  1.6
Spellcasting   | 1 |  1.6
Hexes          | 1 |  1.3
Summonings     | 1 |  1.3
Necromancy     | 1 |  1.3
Translocations | 1 |  1.3
Transmutations | 1 |  1.3
Fire Magic     | 1 |  1.3
Ice Magic      | 1 |  1.3
Earth Magic    | 1 |  1.3
Poison Magic   | 1 |  1.3
Fighting       | 3 |  3.1
Armour         | 3 |  3.1
Air Magic      | 4 |  4.0
Evocations     | 3 |  3.1
Axes           | |  6.7
Stealth        | |  2.9

Action                   |  1- 3 |  4- 6 || total
-------------------------+-------+-------++-------
Melee: Dagger            |   169 |   135 ||   304
       Bite              |    11 |    11 ||    22
Throw: Dart              |       |     5 ||     5
  Use: Potion            |     1 |       ||     1
       Scroll            |       |     1 ||     1
 Stab: Distracted        |     1 |     1 ||     2
       Sleeping          |     4 |     3 ||     7
Armor: Robe              |    27 |    23 ||    50
Dodge: Dodged            |    89 |    78 ||   167

Table legend: (Time is in decaauts)
 A = Elapsed time spent in this place.
 B = Non-inter-level travel time spent in this place.
 C = Inter-level travel time spent in this place.
 D = Time resting spent in this place.
 E = Time spent auto-exploring this place.
 F = Levels seen in this place.
 G = Mean time per level.
                   A        B        C        D        E       F      G
               +--------+--------+--------+--------+--------+-----+--------+
         Total |   4400 |   4244 |    156 |   1414 |   2113 |   5 |  880.0 |
       Dungeon |   4400 |   4244 |    156 |   1414 |   2113 |   5 |  880.0 |
               +--------+--------+--------+--------+--------+-----+--------+

Top non-repeatable levels by time:
     D:1: 1714 daAuts
     D:2: 1488 daAuts
     D:3: 869 daAuts
     D:5: 233 daAuts
     D:4: 94 daAuts
